 Dungeon Crawl Stone Soup version 0.24.0-125-gc4c63601f3 (webtiles) character file.

Game seed: 7389880016904083466, levelgen mode: deterministic

69500 Curus the Warrior (level 14, 0/136 HPs)
             Began as a Purple Draconian Berserker on Feb 23, 2020.
             Was a High Priest of Trog.
             Slain by a white ugly thing (10 damage)
             ... on level 12 of the Dungeon.
             The game lasted 01:55:14 (24505 turns).

Curus the Warrior (Purple Draconian Berserker)     Turns: 24505, Time: 01:55:15

Health: 0/136      AC: 19    Str: 20    XL:     14   Next: 90%
Magic:  28/28      EV: 23    Int: 15    God:    Trog [*****.]
Gold:   1035       SH:  5    Dex: 18    Spells: 13/13 levels left

rFire    . . .     SeeInvis +   U - +0 trident "Syteal" {flame, +Fly} (curse)
rCold    + . .     Gourm    +   B - +0 buckler of Jirofibb {rN+ MP+9}
rNeg     + . .     Faith    .   (armour unavailable)
rPois    .         Spirit   .   c - +2 hat {MR+}
rElec    .         Reflect  .   d - +2 cloak
rCorr    .         Harm     .   j - +2 pair of gloves
MR       +++++                  S - +2 pair of boots of Qaesub {Int+7 Dex+3}
Stlth    ++........             o - amulet of the gourmand
HPRegen  1.32/turn              g - ring of see invisible
MPRegen  0.21/turn              J - ring of protection from cold

@: lethally poisoned (0 -> -2), regenerating
A: breathe power, unfitting armour, high mp 1, cold-blooded, AC +8
a: Breathe Dispelling Energy, Berserk, Trog's Hand, Brothers in Arms, Renounce
Religion, Evoke Flight


You were on level 12 of the Dungeon.
You worshipped Trog.
Trog was extremely pleased with you.
You were not hungry.

You visited 3 branches of the dungeon, and saw 20 of its levels.
You also visited: Gauntlet.

You collected 2170 gold pieces.
You spent 1135 gold pieces at shops.

Inventory:

Hand Weapons
 a - a +1 hand axe
 k - a +2 trident of freezing
 n - a +0 glaive of protection
 x - a +6 hunting sling of velocity
 M - a +4 antimagic hand axe
 Q - a +2 antimagic demon blade
 U - the cursed +0 trident "Syteal" (weapon) {flame, +Fly}
   (You bought it in a shop on level 2 of the Orcish Mines)

   It has been specially enchanted to burn those struck by it, causing extra
   injury to most foes and up to half again as much damage against particularly
   susceptible opponents.
   It lets you fly.
   It has a curse placed upon it.
 V - the +7 trident of Ivoni {speed, MR+}
   (Trog gifted it to you on level 10 of the Dungeon)

   Attacks with this weapon are significantly faster.
   It affects your resistance to hostile enchantments.
 Y - a +8 bardiche of flaming
Armour
 c - a +2 hat of magic resistance (worn)
 d - a +2 cloak (worn)
 j - a +2 pair of gloves (worn)
 B - the +0 buckler of Jirofibb (worn) {rN+ MP+9}
   (You bought it in a shop on level 5 of the Dungeon)

   It protects you from negative energy.
   It affects your magic capacity (+9).
 F - the +0 pair of gloves "Turaekk" {rN++ Dex-3}
   (You found it in a Gauntlet)

   It affects your dexterity (-3).
   It greatly protects you from negative energy.
 G - a +1 pair of boots of stealth
 O - a +1 buckler of protection
 S - the +2 pair of boots of Qaesub (worn) {Int+7 Dex+3}
   (You bought it in a shop on level 5 of the Dungeon)

   It affects your intelligence (+7).
   It affects your dexterity (+3).
Jewellery
 g - a ring of see invisible (left hand)
 o - an amulet of the gourmand (around neck)
 p - a +5 ring of dexterity
 s - a +6 ring of evasion
 v - an uncursed ring of attention
 J - a ring of protection from cold (right hand)
 R - an uncursed amulet of the acrobat
 W - a +2 ring of evasion
Wands
 t - a wand of polymorph (6)
 y - a wand of flame (14)
 A - a wand of acid (19)
 C - a wand of scattershot (7)
 H - a wand of enslavement (15)
 I - a wand of digging (3)
 L - a wand of random effects (26)
 P - a wand of clouds (6)
 T - a wand of disintegration (14)
Scrolls
 e - 6 scrolls of remove curse
 i - 11 scrolls of teleportation
 m - 19 scrolls of identify
 r - 2 scrolls of fog
 w - 4 scrolls of fear
 N - a scroll of enchant armour
Potions
 f - a potion of mutation
 h - a potion of resistance
 l - 6 potions of cancellation
 q - 4 potions of curing
 u - 2 potions of agility
 z - 6 potions of heal wounds
 D - 2 potions of haste
 E - 2 potions of magic
 K - a potion of ambrosia
 X - a potion of might
Comestibles
 b - 25 rations


   Skills:
 + Level 15.8 Fighting
 - Level 6.2(11.1) Axes
 - Level 14.0(14.4) Polearms
 + Level 13.6 Dodging
 - Level 4.0 Shields
 - Level 5.0 Evocations


You had 13 spell levels left.
You didn't know any spells.
Your spell library was empty.

Dungeon Overview and Level Annotations

Branches:
Dungeon (12/15)            Temple (0/1) D:4            Lair (6/6) D:10
 Shoals (0/4) Lair:4        Snake (0/4) Lair:2        Slime (0/5) Lair:5
    Orc (2/2) D:9             Elf (0/3) Orc:2       Gauntlet (visited)

Altars:
Ashenzari
Cheibriados
Gozag
Hepliaklqana
Kikubaaqudgha
Nemelex Xobeh
Okawaru
Qazlal
Ru
Vehumet
Wu Jian
The Shining One
Beogh
Jiyva

Shops:
D:5 [   Orc:2 :%(:

Annotations:
D:12 Nessos
Lair:2 exclusion: oklob plant


Innate Abilities, Weirdness & Mutations

You can breathe bolts of dispelling energy.
Your rich purple scales are hard. (AC +8)
You cannot fit into any form of body armour.
You are cold-blooded and may be slowed by cold attacks.
You have an increased reservoir of magic. (+10% MP)


Message History

Nessos shouts, "I'm half human!
Half horse!
And all stone-cold KILLER!"
Nessos blinks!
You hit the white ugly thing but do no damage.
You tail-slap the white ugly thing, but do no damage.
The white ugly thing is moderately wounded.
You feel sick.
You barely miss the white ugly thing.
The white ugly thing is moderately wounded.
You feel the effects of Trog's Hand fading.
You feel sick.
The white ugly thing pecks you but does no damage.
You puncture the white ugly thing! You burn the white ugly thing.
The white ugly thing is moderately wounded.
Nessos blinks!
Nessos shoots an arrow.
The arrow hits you.
* * * LOW HITPOINT WARNING * * *
The arrow burns you.
You are more poisoned.
* * * LOW HITPOINT WARNING * * *
The white ugly thing pecks you!
You die...

......)..........................
#####............................
# #..#####........####...###### #
#..# #........# #...# # # #..#
#........# #...# # # #..#
#......(.# #...# # # #..#
#...((c..# #...# # # #..#
#........# #...# # # #..
#....@...# #...# # #...§u...#
#...# # #..$.....# # #.....^..# #
#........# # #.....§..# #
#........# #...# # #........#
#...# # #........# #...# #


You could see Nessos and a white ugly thing.

Vanquished Creatures
  Rupert (D:12)
  A minotaur (Gauntlet)
  Snorg (Lair:4)
  Josephine (Orc:2)
  Harold (Lair:2)
  3 hydras
  3 catoblepae (Lair:6)
  4 two-headed ogres
  9 death yaks (Lair:6)
  6 orc high priests (Orc:2)
  2 death scarabs (Gauntlet)
  A spectral death yak (Gauntlet)
  A spectral hydra (Gauntlet)
  2 wizards (Gauntlet)
  2 orc knights
  4 manticores
  3 cyclopes
  2 orc sorcerers
  9 elephants
  A black mamba (Lair:5)
  Maurice (Orc:2)
  Joseph (D:10)
  4 spiny frogs
  10 komodo dragons
  2 rime drakes (Lair:2)
  A polar bear (Lair:4)
  2 trolls (Orc:2)
  6 hornets
  9 hippogriffs
  10 blink frogs
  A shadow (D:11)
  59 yaks
  3 wraiths (Orc:2)
  3 wyverns
  3 steam dragons
  Grum (D:8)
  Eustachio (D:6)
  A basilisk (Lair:2)
  A hungry ghost (D:10)
  6 two-headed ogre zombies (Orc:1)
  A soldier ant (D:10)
  Menkaure (D:6)
  4 wargs
  A naga (Lair:2)
  An acid dragon (D:12)
  8 water moccasins
  9 porcupines
  2 sky beasts
  6 ice beasts
  21 orc warriors
  2 phantoms
  10 ogres
  3 black bears
  7 wolves
  6 centaurs
  18 crocodiles
  2 big kobolds (D:11)
  12 bullfrogs
  Blork the orc (D:4)
  6 scorpions
  A wyvern skeleton (D:12)
  A water moccasin skeleton (D:6)
  11 killer bees (D:9)
  9 wights
  3 electric eels (D:9)
  A howler monkey (D:7)
  2 crimson imps
  A bullfrog zombie (D:5)
  2 hounds
  3 jellies
  Crazy Yiuf (D:6)
  39 orc priests
  A bullfrog skeleton (D:5)
  18 orc wizards
  Jessica (D:2)
  Natasha (thrice) (D:2)
  3 iguanas
  10 worker ants
  12 gnolls
  11 adders
  A howler monkey skeleton (D:6)
  4 shadow imps
  3 white imps (Gauntlet)
  2 oozes (D:1)
  An adder skeleton (D:4)
  6 worms
  3 dart slugs
  3 leopard geckos
  106 orcs
  2 ball pythons
  8 bats
  8 giant cockroaches
  9 goblins
  14 hobgoblins
  6 jackals
  7 quokkas
  8 frilled lizards
  15 kobolds
  A leopard gecko skeleton (D:5)
  A leopard gecko zombie (D:7)
  A quokka zombie (D:6)
  11 rats
656 creatures vanquished.

Vanquished Creatures (collateral kills)
  2 catoblepae (Lair:4)
  5 elephants (Lair:4)
  A komodo dragon (Lair:2)
  A basilisk (Lair:2)
9 creatures vanquished.

Vanquished Creatures (others)
  A dart slug (D:3)
  2 demonic plants (Gauntlet)
  4 fungi (D:10)
  2 plants (Lair:6)
9 creatures vanquished.

Grand Total: 674 creatures vanquished

Notes
Turn   | Place    | Note
-------+----------+-------------------------------------------
     0 | D:1      | Curus the Draconian Berserker began the quest for the Orb.
     0 | D:1      | Reached XP level 1. HP: 19/19 MP: 1/1
    36 | D:1      | Reached XP level 2. HP: 26/26 MP: 2/2
   144 | D:1      | Reached XP level 3. HP: 25/31 MP: 3/3
   280 | D:1      | Reached ** piety under Trog
   836 | D:2      | Reached XP level 4. HP: 25/38 MP: 4/4
   887 | D:2      | Noticed Natasha
   896 | D:2      | Reached skill level 5 in Axes
   910 | D:2      | Killed Natasha
  1058 | D:2      | Found a sacrificial altar of Ru.
  1067 | D:2      | Found a hazy altar of Hepliaklqana.
  1071 | D:2      | Found an iron altar of Okawaru.
  1119 | D:2      | Noticed Jessica
  1125 | D:2      | Killed Jessica
  1125 | D:2      | Reached XP level 5. HP: 34/45 MP: 5/5
  1166 | D:2      | Found an opulent altar of Gozag.
  1226 | D:2      | Noticed Natasha
  1232 | D:2      | Killed Natasha
  1232 | D:2      | Reached *** piety under Trog
  1319 | D:2      | Noticed Natasha
  1326 | D:2      | Killed Natasha
  1329 | D:2      | Gained mutation: You occasionally shout uncontrollably at
                  | your foes. [potion of mutation]
  1329 | D:2      | Lost mutation: You occasionally shout uncontrollably at
                  | your foes. [potion of mutation]
  1329 | D:2      | Gained mutation: You have an increased reservoir of magic.
                  | (+10% MP) [potion of mutation]
  1333 | D:2      | Found a stormy altar of Qazlal.
  1578 | D:3      | Found a glowing golden altar of the Shining One.
  1608 | D:3      | Found a radiant altar of Vehumet.
  1617 | D:3      | Reached XP level 6. HP: 40/51 MP: 6/6
  2136 | D:4      | Noticed Blork the orc
  2164 | D:4      | Killed Blork the orc
  2291 | D:4      | HP: 2/51 [gnoll/+0 spear (11)]
  2608 | D:4      | Your scales start taking on a rich purple colour.
  2608 | D:4      | Reached XP level 7. HP: 57/57 MP: 7/7
  2639 | D:4      | Reached skill level 5 in Polearms
  2684 | D:4      | Reached **** piety under Trog
  2689 | D:4      | Found a staircase to the Ecumenical Temple.
  3297 | D:5      | Entered Level 5 of the Dungeon
  3773 | D:5      | Reached XP level 8. HP: 63/63 MP: 8/8
  4158 | D:5      | Found a sparkling altar of Nemelex Xobeh.
  4262 | D:5      | Found Ciar's Armour Shop.
  4786 | D:6      | Noticed Eustachio
  4807 | D:6      | Killed Eustachio
  4826 | D:6      | Found a runed translucent door.
  4827 | D:6      | Noticed Crazy Yiuf
  4894 | D:6      | Noticed Menkaure
  4898 | D:6      | Killed Menkaure
  4898 | D:6      | Reached skill level 10 in Polearms
  4916 | D:6      | Reached XP level 9. HP: 24/70 MP: 9/9
  5030 | D:6      | Found a snail-covered altar of Cheibriados.
  5768 | D:6      | Killed Crazy Yiuf
  6112 | D:7      | Reached ***** piety under Trog
  7037 | D:8      | Found a shattered altar of Ashenzari.
  7037 | D:8      | Found an ornate altar of the Wu Jian Council.
  7077 | D:8      | Received a gift from Trog
  7264 | D:8      | Reached XP level 10. HP: 71/77 MP: 11/11
  7271 | D:8      | Noticed Grum
  7289 | D:8      | Killed Grum
  8016 | D:9      | Found a staircase to the Orcish Mines.
  8754 | D:9      | Found an ancient bone altar of Kikubaaqudgha.
  8840 | D:9      | Reached skill level 4 in Fighting
  9088 | D:5      | Bought the cursed +0 buckler of Jirofibb {rN+ MP+9} for 379
                  | gold pieces
  9360 | D:9      | Reached skill level 5 in Fighting
  9657 | D:10     | Entered Level 10 of the Dungeon
  9671 | D:10     | Found a staircase to the Lair.
  9711 | D:10     | Reached skill level 6 in Fighting
  9711 | D:10     | Reached skill level 5 in Dodging
  9724 | D:10     | Reached XP level 11. HP: 65/89 MP: 12/12
  9868 | D:10     | HP: 5/136 [orc priest/divine providence (8)]
 10187 | Lair:1   | Entered Level 1 of the Lair of Beasts
 10219 | Lair:1   | Reached skill level 1 in Evocations
 10247 | Lair:1   | Reached skill level 1 in Shields
 10434 | Lair:1   | Noticed a six-headed hydra
 10445 | Lair:1   | Killed a six-headed hydra
 10834 | Lair:1   | Reached skill level 5 in Evocations
 11123 | Lair:2   | Found a staircase to the Snake Pit.
 11192 | Lair:2   | Reached skill level 7 in Fighting
 11644 | Lair:2   | Noticed Harold
 11663 | Lair:2   | Killed Harold
 11663 | Lair:2   | Reached skill level 8 in Fighting
 11889 | Lair:2   | Reached XP level 12. HP: 103/103 MP: 17/17
 12171 | Lair:3   | Reached skill level 9 in Fighting
 12945 | Lair:4   | Noticed a catoblepas
 12945 | Lair:4   | Noticed a catoblepas
 13039 | Lair:4   | Noticed Snorg
 13058 | Lair:4   | Killed Snorg
 13148 | Lair:4   | You fall into a shaft and drop 2 floors!
 13148 | Lair:6   | Entered Level 6 of the Lair of Beasts
 13227 | Lair:6   | Reached skill level 10 in Fighting
 13297 | Lair:6   | Found a gate leading to a gauntlet.
 13315 | Gauntlet | Entered a Gauntlet
 13315 | Gauntlet | Found a transporter.
 13315 | Gauntlet | Found a transporter.
 13315 | Gauntlet | Found a transporter.
 13316 | Gauntlet | Found a transporter.
 13319 | Gauntlet | Found a transporter.
 13319 | Gauntlet | Found a transporter.
 13328 | Gauntlet | Noticed a death scarab
 13333 | Gauntlet | Found a transporter.
 13335 | Gauntlet | Found a transporter.
 13342 | Gauntlet | Noticed a great orb of eyes
 13343 | Gauntlet | Found a transporter.
 13443 | Gauntlet | Found a transporter.
 13443 | Gauntlet | Noticed a death scarab
 13447 | Gauntlet | Found a transporter.
 13457 | Gauntlet | Found a transporter.
 13717 | Gauntlet | Killed a death scarab
 13746 | Gauntlet | Killed a death scarab
 13750 | Gauntlet | Reached skill level 11 in Fighting
 13793 | Gauntlet | Got a pair of smoking gloves
 13809 | Gauntlet | Identified the cursed +0 pair of gloves "Turaekk" {rN++
                  | Dex-3} (You found it in a Gauntlet)
 14119 | Gauntlet | Noticed a minotaur
 14128 | Gauntlet | Killed a minotaur
 14688 | Lair:5   | Noticed a five-headed hydra
 14700 | Lair:5   | Killed a five-headed hydra
 14700 | Lair:5   | Reached skill level 10 in Dodging
 14700 | Lair:5   | Reached XP level 13. HP: 93/117 MP: 18/18
 14777 | Lair:5   | Reached skill level 12 in Fighting
 14839 | Lair:5   | Received a gift from Trog
 15781 | Lair:4   | HP: 5/119 [catoblepas (7)]
 16431 | Lair:4   | Found a staircase to the Shoals.
 16798 | Lair:5   | Reached skill level 13 in Fighting
 17044 | Lair:5   | Identified a scroll of acquirement
 17097 | Lair:5   | Found a staircase to the Slime Pits.
 17097 | Lair:5   | Found a viscous altar of Jiyva.
 17330 | Lair:5   | You fall into a shaft and drop 1 floor!
 18281 | Lair:6   | Reached skill level 14 in Fighting
 18281 | Lair:6   | Reached XP level 14. HP: 48/132 MP: 19/19
 18600 | Lair:6   | Received a gift from Trog
 19779 | D:5      | Bought the +2 pair of boots of Qaesub {Int+7 Dex+3} for 510
                  | gold pieces
 19993 | Orc:1    | Entered Level 1 of the Orcish Mines
 20404 | Orc:1    | Found a roughly hewn altar of Beogh.
 20810 | Orc:2    | Entered Level 2 of the Orcish Mines
 21191 | Orc:2    | Noticed Maurice
 21203 | Orc:2    | Noticed Josephine
 21226 | Orc:2    | Killed Josephine
 21239 | Orc:2    | Killed Maurice
 21257 | Orc:2    | Received a gift from Trog
 21730 | Orc:2    | Reached skill level 15 in Fighting
 22076 | Orc:2    | Found Lueposil's Book Emporium.
 22143 | Orc:2    | Found Dumuhum's Food Shop.
 22175 | Orc:2    | Found a staircase to the Elven Halls.
 22637 | Orc:2    | Found a roughly hewn altar of Beogh.
 22650 | Orc:2    | Found Umohae's Antique Weapon Emporium.
 22650 | Orc:2    | Found Hoanuxi's Book Shop.
 22655 | Orc:2    | Bought a slimy trident for 246 gold pieces
 22655 | Orc:2    | Identified the cursed +0 trident "Syteal" {flame, +Fly}
                  | (You bought it in a shop on level 2 of the Orcish Mines)
 22971 | D:10     | Noticed Joseph
 22991 | D:10     | Killed Joseph
 23066 | D:10     | Received a gift from Trog
 23070 | D:10     | Got a slimy trident {god gift}
 23544 | D:10     | Identified the +7 trident of Ivoni {speed, MR+} (Trog
                  | gifted it to you on level 10 of the Dungeon)
 23618 | D:11     | You fall into a shaft and drop 1 floor!
 23766 | D:12     | Noticed Rupert
 23814 | D:12     | Killed Rupert
 24041 | D:11     | Reached ****** piety under Trog
 24157 | D:11     | Received a gift from Trog
 24479 | D:12     | Noticed Nessos
 24505 | D:12     | Slain by a white ugly thing

Levels and vault maps discovered:
D:1:      shiori_arrival_maze, layout_basic
D:2:      layout_rooms, lemuel_doored_altar, nicolae_qazlal_eye_of_the_storm,
          grunt_temple_overflow_open, serial_forest,
          infiniplex_forest_lined_corner, infiniplex_forest_lined_1,
          infiniplex_forest_lined_2, infiniplex_forest_side_room, uniq_jessica,
          uniq_natasha
D:3:      layout_loops_ring, fiery_altar_vehumet, tso_oasis_becter
D:4:      layout_loops_ring, minmay_temple_entry_tees, serial_glass,
          glass_columns_a, glass_columns_a, glass_columns_c, glass_columns_b,
          sigmund_army, uniq_blork_the_orc
D:5:      layout_layer_cave, kennysheep_little_box, first_ration, serial_shops,
          shop
D:6:      cheibrodos_steamvent, layout_basic, basic_altar,
          minmay_misc_feat_columns, minivault_25, uniq_eustachio, uniq_menkaure,
          uniq_crazy_yiuf_cottage
D:7:      layout_rooms
D:8:      layout_basic, gammafunk_temple_overflow_elements, uniq_grum
D:9:      layout_roguey, kiku_gazebo_garden_becter, orc_0_dummy, serial_bayou,
          serial_bayou_shore_b, serial_bayou_shore_b, serial_bayou_shore_a,
          serial_bayou_lake_a
D:10:     layout_roguey [special_room_orc], due_lair_maze_entry_diamond,
          hangedman_pestilent_swarm, uniq_joseph
D:11:     layout_irregular_city
D:12:     layout_long_grid, uniq_nessos, uniq_rupert, uniq_erolcha
Lair:1:   layout_small_grid
Lair:2:   layout_misc_corridors, guppyfry_snake_entry_island,
          serial_bayou_pond_d, hangedman_lair_generics_rect,
          minmay_lair_oklob_chamber, uniq_harold
Lair:3:   layout_long_grid, serial_bayou_pond_e
Lair:4:   nzn_motion_control, layout_gridlike, elwin_shoals_entry_rooms,
          beast_lair_carwin_10, lemuel_fruit_tree, serial_bayou_shore_b,
          uniq_snorg
Lair:5:   layout_roguey, slime_altar_1, grunt_megastairs_2, lemuel_fruit_fields
Lair:6:   evilmike_catoblepas_cave, layout_small_grid, gauntlet_entry_generic,
          grunt_megastairs_1
Orc:1:    lemuel_ogre_cave, layout_caves, basic_altar
Orc:2:    st_orc_town, layout_caves, nicolae_orc_rockfall, uniq_maurice,
          uniq_josephine

Skill      XL: |  1  2  3  4  5  6  7  8  9 10 11 12 13 14 |
---------------+-------------------------------------------+-----
Axes           | 4 5 6 |  6.2
Polearms       | 2 4 7 10 12 14 | 14.0
Dodging        | 5 7 10 12 13 | 13.6
Fighting       | 6 8 11 14 15 | 15.8
Evocations     | 5 |  5.0
Shields        | 4 |  4.0

Action                   |  1- 3 |  4- 6 |  7- 9 | 10-12 | 13-15 || total
-------------------------+-------+-------+-------+-------+-------++-------
Melee: Hand axe          |    90 |    46 |       |       |       ||   136
       Tailslap          |    11 |    19 |    75 |   169 |   241 ||   515
       Trident           |       |   170 |   508 |  1032 |  1459 ||  3169
Invok: Berserk           |     2 |     3 |     4 |     9 |    10 ||    28
       Trog's Hand       |       |     1 |     1 |     4 |     2 ||     8
       Brothers in Arms  |       |       |       |     1 |     3 ||     4
 Abil: Breathe Dispellin |       |       |       |     3 |     2 ||     5
Evoke: Wand              |       |       |       |     4 |     1 ||     5
  Use: Scroll            |     4 |     6 |     3 |     9 |     6 ||    28
       Potion            |     1 |     4 |     3 |     3 |     1 ||    12
 Stab: Sleeping          |     1 |       |     1 |     2 |     5 ||     9
       Petrified         |       |       |       |       |    13 ||    13
       Petrifying        |       |       |       |       |     3 ||     3
       Distracted        |       |       |       |       |     1 ||     1
  Eat: Chunk             |     1 |    13 |    20 |    26 |    37 ||    97
       Ration            |       |       |       |     3 |     2 ||     5
Armor: Skin              |    30 |    74 |   131 |   185 |   217 ||   637
Dodge: Dodged            |    66 |   141 |   315 |   659 |   864 ||  2045
Block: Buckler           |       |       |       |   109 |   226 ||   335
